 Dungeon Crawl Stone Soup version 0.23.1 (webtiles) character file.

Game seed: 1785026925208247454

5490 Norn the Spear-Bearer (level 10, -7/80 HPs)
             Began as a Merfolk Skald on Mar 10, 2019.
             Was a Follower of Ashenzari.
             Mangled by a two-headed ogre
             ... wielding a cursed -1 giant spiked club
              (15 damage)
             ... on level 9 of the Dungeon.
             The game lasted 00:27:35 (11657 turns).

Norn the Spear-Bearer (Merfolk Skald)              Turns: 11657, Time: 00:27:36

Health: -7/80      AC:  7    Str: 12    XL:     10   Next: 69%
Magic:  8/13       EV: 17    Int: 16    God:    Ashenzari [*.....]
Gold:   336        SH:  0    Dex: 13    Spells: 7/13 levels left

rFire    + . .     SeeInvis .   L - +0 halberd (curse)
rCold    + . .     Gourm    .   (shield currently unavailable)
rNeg     . . .     Faith    .   B - +2 leather armour {rF+}
rPois    +         Spirit   .   (no helmet)
rElec    .         Reflect  .   N - +0 cloak
rCorr    .         Harm     .   h - +0 pair of gloves
MR       .....                  (no boots)
Stlth    +.........             (no amulet)
HPRegen  0.23/turn              H - ring of poison resistance (curse)
MPRegen  0.13/turn              o - ring of protection from cold

@: no status effects
A: change form in water, swift swim, stealthy swim
a: Curse Item, Scrying, Renounce Religion


You were on level 9 of the Dungeon.
You worshipped Ashenzari.
Ashenzari was aware of your devotion.
You were very hungry.

You visited 2 branches of the dungeon, and saw 10 of its levels.

You collected 592 gold pieces.
You spent 256 gold pieces at shops.

Inventory:

Hand Weapons
 a - a +0 trident
   (You took it off an orc on level 6 of the Dungeon)
 m - a +0 blowgun
   (You took it off a kobold on level 3 of the Dungeon)
 L - a cursed +0 halberd (weapon)
   (You took it off a gnoll on level 6 of the Dungeon)
Missiles
 v - 13 poisoned needles
 E - a throwing net (quivered) {!f}
Armour
 h - a +0 pair of gloves (worn)
   (You found it on level 1 of the Dungeon)
 q - a +0 shield of resistance
   (You found it on level 2 of the Dungeon)
 w - a cursed +0 helmet
   (You found it on level 8 of the Dungeon)
 B - a +2 leather armour of fire resistance (worn)
   (You took it off an orc on level 7 of the Dungeon)
 N - a +0 cloak (worn)
   (You found it on level 6 of the Dungeon)
Jewellery
 o - a ring of protection from cold (right hand)
   (You found it on level 1 of the Dungeon)
 H - a cursed ring of poison resistance (left hand)
   (You bought it in a shop on level 6 of the Dungeon)
Wands
 d - a wand of iceblast (8)
   (You found it on level 8 of the Dungeon)
 u - a wand of paralysis (2)
   (You took it off Ijyb on level 3 of the Dungeon)
Scrolls
 b - a scroll of amnesia {unknown}
 c - 5 scrolls of enchant armour
 g - 3 scrolls of blinking {unknown}
 i - a scroll of fog {unknown}
 j - 7 scrolls of identify {@r1}
 n - 2 scrolls of fear {unknown}
 s - 2 scrolls of remove curse {@r2}
 t - a scroll of random uselessness
 y - 3 scrolls of noise {!r}
 C - 3 scrolls of teleportation {@r4}
 F - 2 scrolls of magic mapping {unknown}
 I - 2 scrolls of summoning {unknown}
Potions
 f - 2 potions of curing {@q1}
 k - 3 potions of flight
 l - 2 potions of agility {unknown}
 p - 2 potions of magic {unknown}
 r - a potion of heal wounds {unknown}
 z - 3 potions of lignification {!q}
 D - a potion of resistance {unknown}
 G - a potion of might {unknown}
 J - 2 potions of brilliance {unknown}
 K - a potion of haste {unknown}
 P - a potion of mutation {unknown}
Comestibles
 e - 19 rations {!d}


   Skills:
 + Level 8.0 Fighting
 * Level 13.7 Polearms
 - Level 0.6 Armour
 + Level 9.6 Dodging
 - Level 2.0 Spellcasting
 + Level 6.7 Hexes
 - Level 3.5 Charms


You had 7 spell levels left.
You knew the following spells:

 Your Spells              Type           Power        Failure   Level  Hunger
a - Infusion              Chrm           ##..         6%          1    #......
q - Shroud of Golubria    Chrm/Tloc      #.........   19%         2    ###....
t - Spectral Weapon       Hex/Chrm       ###.....     10%         3    ###....

Your spell library contained the following spells:

 Spells                   Type           Power        Failure   Level  Hunger
 Song of Slaying          Chrm           ##......     9%          2    ###....
 Regeneration             Chrm/Necr      #.........   36%         3    ###....


Dungeon Overview and Level Annotations

Branches:
Dungeon (9/15)             Temple (1/1) D:7
   Lair: D:8-11         Orc: D:9-12

Altars:
Ashenzari
Cheibriados
Dithmenos
Elyvilon
Fedhas
Gozag
Hepliaklqana
Kikubaaqudgha
Makhleb
Nemelex Xobeh
Okawaru
Qazlal
Ru
Sif Muna
Trog
Uskayaw
Vehumet
Wu Jian
Xom
Yredelemnul
Zin
The Shining One

Shops:
D:5 }%   D:6 *=


Message History

e - 19 rations {!d} (gained 1)
You open the door.
There is an open door here.
You open the door.
A two-headed ogre comes into view.
It is wielding a -1 giant spiked club and a +0 giant club.
The two-headed ogre shouts in stereo!
A two-headed ogre is nearby!
A two-headed ogre is nearby!
You draw out your weapon's spirit!
You are feeling very hungry.
The two-headed ogre barely misses your spectral weapon.
The two-headed ogre hits your spectral weapon but does no damage.
There is an open door here.
Attack whom?
Aim: a two-headed ogre, wielding a -1 giant spiked club and a +0 giant club You reach to attack!
You hit the two-headed ogre but do no damage.
Your spectral weapon hits the two-headed ogre but does no damage.
The two-headed ogre hits your spectral weapon with a cursed -1 giant spiked club!
Your spectral weapon shares its damage with you!
Your spectral weapon fades away.
Attack whom?
Aim: a two-headed ogre, wielding a -1 giant spiked club and a +0 giant club You reach to attack!
You hit the two-headed ogre.
You draw out your weapon's spirit!
You puncture the two-headed ogre!
Your spectral weapon barely misses the two-headed ogre.
The two-headed ogre hits you with a cursed -1 giant spiked club!
The two-headed ogre hits you with a +0 giant club!
You barely miss the two-headed ogre.
Your spectral weapon hits the two-headed ogre!
The two-headed ogre hits you with a cursed -1 giant spiked club!!
* * * LOW HITPOINT WARNING * * *
The two-headed ogre hits you with a +0 giant club.
* * * LOW HITPOINT WARNING * * *
Unknown command.
Aim: a two-headed ogre, wielding a -1 giant spiked club and a +0 giant club (moderately wounded, chance to defeat MR: 28%)
The two-headed ogre easily resists.
The two-headed ogre hits your spectral weapon with a cursed -1 giant spiked club!!
Your spectral weapon shares its damage with you!
Your spectral weapon fades away.
* * * LOW HITPOINT WARNING * * *
Aim: a two-headed ogre, wielding a -1 giant spiked club and a +0 giant club (moderately wounded, chance to defeat MR: 28%)
The two-headed ogre easily resists.
Okay, then.
Okay, then.
Aim: a two-headed ogre, wielding a -1 giant spiked club and a +0 giant club (moderately wounded, chance to defeat MR: 28%)
The two-headed ogre easily resists.
The two-headed ogre hits you with a cursed -1 giant spiked club!
You die...

##+## #....###
#######+###
#....'.######.........#
##...#...O@.'.........#
#...########.........#
#... #.........# #...
#.........# #...
#######'### #+##
#.......# #.#######
########+## ##'######
#.........####.......#


You could see a two-headed ogre.

Vanquished Creatures
  Erica (D:8)
  An unseen horror (D:8)
  A manticore (D:8)
  A troll (D:5)
  A hippogriff (D:6)
  2 hungry ghosts (D:8)
  Duvessa (D:4)
  3 water moccasins
  5 orc warriors
  A sky beast (D:7)
  2 ice beasts
  A phantom (D:4)
  A black bear (D:6)
  3 ogres
  A big kobold (D:8)
  A bullfrog (D:6)
  A gnoll sergeant (D:8)
  Dowan (D:4)
  A water moccasin skeleton (D:8)
  3 killer bees (D:9)
  4 scorpions
  A howler monkey (D:6)
  A bullfrog zombie (D:8)
  3 hounds
  2 quasits
  2 orc priests
  A bullfrog skeleton (D:4)
  A jelly (D:5)
  6 orc wizards
  Ijyb (D:3)
  An iguana (D:4)
  7 worker ants
  A hound zombie (D:8)
  2 hound skeletons
  A mummy (D:7)
  A howler monkey zombie (D:6)
  4 gnolls (D:6)
  9 adders
  3 shadow imps
  3 adder skeletons
  A worm (D:2)
  A dart slug (D:2)
  A leopard gecko (D:2)
  30 orcs
  4 ball pythons
  11 bats
  4 giant cockroaches
  8 goblins
  13 hobgoblins
  24 jackals
  2 quokkas (D:6)
  7 frilled lizards
  A hobgoblin zombie (D:7)
  7 kobolds
  A kobold zombie (D:7)
  3 leopard gecko skeletons
  2 orc zombies (D:7)
  A quokka zombie (D:8)
  10 rats
217 creatures vanquished.

Vanquished Creatures (others)
  5 spectral weapons
5 creatures vanquished.

Grand Total: 222 creatures vanquished

Notes
Turn   | Place    | Note
-------+----------+-------------------------------------------
     0 | D:1      | Norn the Merfolk Skald began the quest for the Orb.
     0 | D:1      | Reached XP level 1. HP: 16/16 MP: 3/3
    54 | D:1      | Reached XP level 2. HP: 21/23 MP: 5/5
   599 | D:1      | Reached XP level 3. HP: 28/28 MP: 2/6
   607 | D:1      | Found a sparkling altar of Nemelex Xobeh.
   686 | D:1      | Reached skill level 4 in Polearms
   760 | D:1      | Learned a level 2 spell: Shroud of Golubria
   764 | D:1      | Learned a level 3 spell: Spectral Weapon
  1736 | D:2      | Reached XP level 4. HP: 31/34 MP: 1/7
  1886 | D:2      | Found a sparkling altar of Nemelex Xobeh.
  1889 | D:2      | Found an iron altar of Okawaru.
  1920 | D:2      | Found a deep blue altar of Sif Muna.
  1951 | D:2      | Found a glowing golden altar of the Shining One.
  1954 | D:2      | Found a radiant altar of Vehumet.
  2284 | D:3      | Found a shadowy altar of Dithmenos.
  2292 | D:3      | Noticed Ijyb
  2314 | D:3      | Killed Ijyb
  2314 | D:3      | Reached skill level 5 in Polearms
  2314 | D:3      | Reached skill level 1 in Hexes
  2389 | D:3      | Reached XP level 5. HP: 37/41 MP: 4/8
  3182 | D:4      | Noticed a phantom
  3723 | D:4      | Killed a phantom
  3723 | D:4      | Reached skill level 6 in Polearms
  3723 | D:4      | Reached XP level 6. HP: 32/47 MP: 6/9
  3896 | D:4      | Noticed Duvessa
  3938 | D:4      | Killed Duvessa
  4076 | D:4      | Reached skill level 5 in Dodging
  4076 | D:4      | Reached XP level 7. HP: 54/54 MP: 6/10
  4153 | D:4      | Reached skill level 7 in Polearms
  4155 | D:4      | Noticed Dowan
  4172 | D:4      | Killed Dowan
  4558 | D:5      | Entered Level 5 of the Dungeon
  4558 | D:5      | Noticed a troll
  4766 | D:5      | Found Qybity's Food Shoppe.
  4781 | D:5      | Reached skill level 8 in Polearms
  4802 | D:5      | Killed a troll
  4802 | D:5      | Reached XP level 8. HP: 51/61 MP: 6/11
  4875 | D:5      | HP: 1/61 [orc priest/divine providence (13)]
  5602 | D:5      | Reached skill level 5 in Fighting
  5778 | D:5      | Reached skill level 9 in Polearms
  5827 | D:5      | Found Wudet's Gadget Emporium.
  6502 | D:6      | Found Wyss's Jewellery Boutique.
  6511 | D:6      | Bought an uncursed ring of poison resistance for 200 gold
                  | pieces
  6537 | D:6      | Reached skill level 10 in Polearms
  6657 | D:6      | Found Haiw's Assorted Antiques.
  6674 | D:6      | Bought 2 scrolls labeled VONTUIROLL for 56 gold pieces
  6831 | D:6      | Reached XP level 9. HP: 69/69 MP: 8/12
  7486 | D:6      | Reached skill level 11 in Polearms
  7618 | D:6      | HP: 2/69 [bullfrog (2)]
  7628 | D:6      | HP: 3/69 [orc/+0 flail (4)]
  7654 | D:6      | Reached skill level 5 in Hexes
  8133 | D:7      | Found a staircase to the Ecumenical Temple.
  8153 | Temple   | Entered the Ecumenical Temple
  8456 | Temple   | Became a worshipper of Ashenzari the Shackled
  9187 | D:8      | Reached skill level 12 in Polearms
  9620 | D:7      | Reached XP level 10. HP: 51/79 MP: 8/13
  9843 | D:8      | Noticed Erica
 10092 | D:8      | HP: 3/79 [something (10)]
 10498 | D:8      | Killed Erica
 10498 | D:8      | Reached skill level 13 in Polearms
 10587 | D:8      | Killed an unseen horror
 10723 | D:8      | Noticed a manticore
 10739 | D:8      | Killed a manticore
 11228 | D:8      | Reached * piety under Ashenzari
 11235 | D:8      | Found an opulent altar of Gozag.
 11642 | D:9      | Noticed a two-headed ogre
 11657 | D:9      | Mangled by a two-headed ogre

Skill      XL: |  1  2  3  4  5  6  7  8  9 10 |
---------------+-------------------------------+-----
Dodging        | 3 4 5 6 7 8 9 |  9.6
Polearms       | 4 5 6 8 10 12 13 | 13.7
Fighting       | 3 4 5 7 8 |  8.0
Hexes          | 1 2 3 4 5 6 |  6.7
Armour         | |  0.6
Spellcasting   | |  2.0
Charms         | |  3.5

Action                   |  1- 3 |  4- 6 |  7- 9 | 10-12 || total
-------------------------+-------+-------+-------+-------++-------
Melee: Spear             |   152 |   184 |   155 |       ||   491
       Trident           |       |       |   156 |       ||   156
       Halberd           |       |       |    77 |    83 ||   160
 Cast: Infusion          |    14 |    14 |     2 |     1 ||    31
       Spectral Weapon   |       |    10 |    54 |    13 ||    77
       Shroud of Golubri |       |       |     1 |     6 ||     7
Invok: Curse Item        |       |       |     2 |       ||     2
Evoke: Wand              |       |     2 |     7 |    11 ||    20
  Use: Scroll            |       |       |     5 |     3 ||     8
       Potion            |       |       |     2 |     3 ||     5
 Stab: Sleeping          |     3 |     1 |       |       ||     4
       Paralysed         |       |    12 |    43 |       ||    55
       Distracted        |       |     1 |     6 |       ||     7
  Eat: Chunk             |     3 |     6 |    22 |     5 ||    36
       Ration            |       |     1 |     1 |     1 ||     3
Armor: Leather armour    |    34 |    20 |    49 |    32 ||   135
Dodge: Dodged            |    74 |    80 |   243 |   101 ||   498
